Unix NetHack Version 5.0.0-0 post-release - last build Jul 19 2026 19:10:59 (3aa4ab31751d3886436d94b585a96704892fd477,branch:main).

Game began 2026-07-21 18:06:51, ended 2026-07-22 09:08:40.

Anarchos, lawful female dwarven Valkyrie

                                                  -----       ---------------
                              ----------------    |...|       |.`...........|
                              |..{...........|    |...|       |.............|
                             #................####|.(.|      @@@@...).G.....|
                          ####|..............|   #.<..-  #####|.....%.......|
                         ##   -------------.--   #|..{|   ####|.............|
                        ##                 #      -----  ###  -------.-------
                       ##                  ##            #
                      ##                    #            #
                     ##                     #           ##
                    ##                      ####        #
                    #                          #        #
                    #                          #        #
                    #                  --------.---######
       ------------##                  |..........|##
       |..........|#                   |..........+##
       |..........|#                   |..........| #
       |........^.-#                   |..........-##
       ------------                    ------------

Anarchos the Skirmisher     St:16 Dx:16 Co:20 In:8 Wi:9 Ch:8  Lawful
Dlvl:7  $:175 HP:0(69) Pw:7(7) AC:-3 Xp:5 T:4076  Burdened

Latest messages:
 It suddenly gets dark.
 You miss the Woodland-elf.
 The Woodland-elf hits!
 The pony is hit.
 The pony is hit.
 The pony is hit.
 The Woodland-elf hits!
 The Woodland-elf misses!
 The Woodland-elf hits!
 The Woodland-elf is hit!
 You can see again.
 The Woodland-elf picks up an elven arrow.
 The Woodland-elf picks up an elven arrow.
 The Woodland-elf thrusts her elven spear.
 The Woodland-elf misses!
 The Woodland-elf shoots 2 elven arrows!
 The 1st elven arrow hits the Woodland-elf.
 The 2nd elven arrow misses the Woodland-elf.
 You are hit by the 2nd elven arrow!
 The Woodland-elf picks up an elven spear.
 The pony drops a runed arrow.
 The Woodland-elf throws an elven spear!
 The elven spear misses the Woodland-elf.
 You are hit by an elven spear.
 You hear someone counting gold coins.
 The Woodland-elf shoots an elven arrow!
 The elven arrow misses the Woodland-elf.
 The elven arrow misses the Woodland-elf.
 An elven arrow misses you.
 The Woodland-elf thrusts her elven spear.
 The Woodland-elf hits!
 The Woodland-elf picks up an elven arrow.
 Are you sure you want to pray? [yn] (n) y
 You begin praying to Tyr.
 You are surrounded by a shimmering light.
 The Woodland-elf starts to attack you, but pulls back.
 The Woodland-elf starts to attack you, but pulls back.
 The Woodland-elf starts to attack you, but pulls back.
 You have a sad feeling for a moment, then it passes.
 You finish your prayer.
 You feel that Tyr is well-pleased.
 Your stomach feels content.
 The Woodland-elf thrusts her elven spear.
 The Woodland-elf misses!
 What do you want to read? [hjpE-JQU-W or ?*] ?
 You begin to memorize the runes.
 The Woodland-elf thrusts her elven spear.
 The Woodland-elf hits!
 You die...
 Do you want your possessions identified? [ynq] (y) q

Inventory:
 Coins    ('$')
  $ - 175 gold pieces
 Amulets  ('"')
  x - a blessed amulet of ESP (being worn)
 Weapons  (')')
  i - 11 +0 arrows
  C - a +0 sling
  O - a +0 sling
  o - a +1 dagger
  d - a +0 dagger
  a - a +1 dwarvish spear (weapon in left hand)
  n - a +0 orcish dagger
  B - a +0 orcish dagger (at the ready)
 Armor    ('[')
  t - an uncursed rusty +0 helm of caution (being worn)
  m - an uncursed +0 orcish helm
  S - a blessed +3 pair of low boots (being worn)
  c - a blessed very burnt +3 small shield (being worn)
  N - an uncursed +1 alchemy smock with text "Don't mess with the chef" (being worn)
  P - an uncursed +0 scale mail (being worn)
 Comestibles  ('%')
  k - a cursed food ration
  g - an uncursed tripe ration
  D - 2 uncursed lichen corpses
 Scrolls  ('?')
  V - a blessed scroll of blank paper
  h - an uncursed scroll of confuse monster
  H - 3 uncursed scrolls of destroy armor
  W - a blessed scroll of enchant armor
  U - a cursed scroll of enchant armor
  G - an uncursed scroll of fire
  I - a cursed scroll of magic mapping
  F - a blessed scroll of stinking cloud
  J - 2 uncursed scrolls of teleportation
 Spellbooks  ('+')
  j - an uncursed spellbook of cone of cold
  p - a blessed spellbook of detect monsters
  E - an uncursed spellbook of detect unseen
  Q - an uncursed spellbook of healing
 Potions  ('!')
  y - a blessed potion of booze
  R - 2 uncursed potions of healing
  l - an uncursed potion of oil
  X - an uncursed potion of restore ability
  A - an uncursed potion of sleeping
 Wands    ('/')
  T - a wand of slow monster (0:8)
  K - a wand of stasis (0:3)
 Tools    ('(')
  r - an empty uncursed bag of holding
  u - an empty uncursed sack
  e - 2 uncursed tallow candles
  v - an uncursed towel
 Gems/Stones  ('*')
  L - an uncursed worthless piece of orange glass
  z - a cursed worthless piece of red glass

Anarchos the Valkyrie's attributes:

Background:
 You were a Skirmisher, a level 5 dwarven Valkyrie.
 You were lawful, on a mission for Tyr
 who was opposed by Odin (neutral) and Loki (chaotic).
 You were left-handed.
 You were in the Dungeons of Doom, on level 7.
 You entered the dungeon 4076 turns ago.
 You had 253 experience points, 67 more were needed to attain level 6.

Basics:
 You had 0 out of 69 hit points.
 You had all 7 energy points (spell power).
 Your armor class was -3.
 Your wallet contained 175 zorkmids.
 Autopickup was on for all types.

Final Characteristics:
 Your strength was 16 (limit:18/100).
 Your dexterity was 16 (limit:20).
 Your constitution was 20 (limit:20).
 Your intelligence was 8 (limit:16).
 Your wisdom was 9 (limit:16).
 Your charisma was 8 (limit:16).

Final Status:
 You weren't hungry.
 You were burdened; movement was slightly slowed.
 You were wielding a spear.
 You were skilled in spear.

Final Attributes:
 You were piously aligned.
 You were cold resistant.
 You were poison resistant.
 You were acid resistant.
 Your items were protected from acid.
 You were telepathic.
 You were warned.
 You had infravision.
 You were stealthy.
 You were warded.
 You are dead.

Miscellaneous:
 You didn't encounter any bones levels.
 Total elapsed playing time was 2 hours, 14 minutes and 35 seconds.

Major events:
 Turn
    1: Anarchos the lawful dwarven Valkyrie entered the dungeon
 1116: attained the rank of Skirmisher (level 3)
 4076: killed by a Woodland-elf

You didn't know any spells.

Skills:
 Fighting Skills
   bare handed combat [Unskilled]
   two weapon combat  [Unskilled]
   riding             [Unskilled]
 Weapon Skills
   dagger             [Basic]
   axe                [Unskilled]
   pick-axe           [Unskilled]
   short sword        [Unskilled]
   broadsword         [Unskilled]
   long sword         [Unskilled]
   two-handed sword   [Unskilled]
   saber              [Unskilled]
   hammer             [Unskilled]
   quarterstaff       [Unskilled]
   polearms           [Unskilled]
   spear              [Skilled]
   trident            [Unskilled]
   lance              [Unskilled]
   sling              [Unskilled]
 Spellcasting Skills
   attack spells      [Unskilled]
   escape spells      [Unskilled]

Voluntary challenges:
 Character rerolling was not enabled.
 You never genocided any monsters.
 You never polymorphed an object.
 You never changed form.
 You used no wishes.
Achievements:
 You entered a shop.
 You attained the rank of Skirmisher.

 The Dungeons of Doom: levels 1 to 7
    Level 1:
       Many altars.
    Level 2:
       A general store, some fountains.
    Level 3:
       A scroll shop.
    Level 4:
       A fountain.
    Level 5:
    Level 6:
       A general store.
    Level 7: <- You were here.
       A fountain, a sink.
       Final resting place for
          you, killed by a Woodland-elf.


Vanquished creatures:
  a Woodland-elf
  a rock piercer
  a rock mole
  a pony
  a kobold mummy
  a straw golem
  a giant ant
  a little dog
  a floating eye
  a homunculus
  2 rothes
  a rabid rat
  a giant bat
  2 dwarf zombies
  2 wererats
  2 iguanas
  5 acid blobs
  a hobbit
  a cave spider
  3 brown molds
  a yellow mold
  3 geckos
  5 jackals
  2 goblins
  8 sewer rats
  6 grid bugs
  2 bats
  8 lichens
  4 kobold zombies
  7 newts
76 creatures vanquished.

No species were genocided or became extinct.

Game over:
                       ----------
                      /          \
                     /    REST    \
                    /      IN      \
                   /     PEACE      \
                  /                  \
                  |     Anarchos     |
                  |      175 Au      |
                  |   killed by a    |
                  |   Woodland-elf   |
                  |                  |
                  |                  |
                  |       2026       |
                 *|     *  *  *      | *
        _________)/\\_//(\/(/\)/\//\/|_)_______

Farvel Anarchos the Valkyrie...

You died in The Dungeons of Doom on dungeon level 7 with 1510 points,
and 175 pieces of gold, after 4076 moves.
You were level 5 with a maximum of 69 hit points when you died.

